[Event "Early-Titled-Tuesday-Blitz-January-23-2024"]
[Site "Chess.com"]
[Date "2024.01.23"]
[Round "9"]
[White "mac0504"]
[Black "monomita"]
[Result "1/2-1/2"]
[WhiteElo "2609"]
[BlackElo "2826"]
[TimeControl "180+1"]
[EndTime "9:47:41 PST"]
[Termination "Game drawn by repetition"]

1. c4 e5 2. Nc3 Nf6 3. e3 Nc6 4.
a3 d5 5. cxd5 Nxd5 6. Qc2 Be6 7.
Nf3 Be7 8. Be2 O-O 9. O-O f5 10. d3 Bf6 11. Bd2 a5 12. Na4 Kh8 13. Rfe1 Qe7 14.
e4 fxe4 15. dxe4 Nf4 16. Bxf4 exf4 17. e5 Nxe5 18. Nxe5 Bxe5 19. Bf3 Bd6 20. Bxb7 Rab8 21. Bd5 Bf5 22. Qc3 Qh4 23. Bf3 Bg4 24. Rac1 h5 25.
h3 Bxf3 26. Qxf3 Qg5 27. Rcd1 Rb5 28. Nc3 Rxb2 29. Rd5 Qg6 30. Rxh5+ Kg8 31. Rxa5 Rc2 32. Ne4 Rb2 33. Rg5 Qf7 34. Qc3 Rb6 35. Nxd6 Rxd6 36.
a4 f3 37. Qxf3 Qxf3 38. gxf3 Rxf3 39. Re7 g6 40. Rxc7 Rdf6 41. Rc2 Rxh3 42. Ra2 Ra6 43. a5 Rb3 44. Rc5 Kg7 45. Kg2 Kh6 46. f3 Rb4 47. Kg3 Rd4 48. Rh2+ Kg7 49. Rc7+ Kf6 50. Ra2 Rd5 51. Rc8 Rg5+ 52. Kf2 Rgxa5 53. Rxa5 Rxa5 54.
Rc4 Kg7 55. Kg3 Rf5 56. Rg4 Kf6 57. Rf4 Kg5 58. Rg4+ Kf6 59. Rf4 g5 60. Ra4 Kg6 61. Ra8 Rf4 62. Rb8 Ra4 63. Rc8 Kh5 64. Rh8+ Kg6 65. Rg8+ Kf6 66. Rf8+ Kg7 67. Rb8 Ra1 68. Rb7+ Kf6 69. Rb8 Rg1+ 70. Kf2 Ra1 71. Rb6+ Kf5 72.
Rb5+ Kf6 73. Rb6+ Kg7 74. Rb7+ Kg6 75. Rb6+ Kg7 76. Rb7+ Kg6 77. Rb6+ Kg7 1/2-1/2

[Event "Early-Titled-Tuesday-Blitz-January-23-2024"]
[Site "Chess.com"]
[Date "2024.01.23"]
[Round "9"]
[White "Janosik"]
[Black "mishanick"]
[Result "1/2-1/2"]
[WhiteElo "2853"]
[BlackElo "3052"]
[TimeControl "180+1"]
[EndTime "9:47:44 PST"]
[Termination "Game drawn - insufficient material"]

1. d4 Nf6 2. c4 e6 3. Nc3 d5 4. cxd5 exd5 5. Bg5 c6 6. e3 Bb4 7. Bd3 Nbd7 8. Ne2 O-O 9. Qc2 h6 10. Bh4 Re8 11. O-O Nf8 12. a3 Bd6 13. h3 a5 14. Rab1 Bd7 15. b4 b5 16. e4 axb4 17.
axb4 dxe4 18. Nxe4 Be7 19. Nc5 Nd5 20. Bg3 Ne6 21. Be4 Bf6 22. Rfd1 Ng5 23. Bxd5 cxd5 24. Nf4 Bc6 25. f3 Rc8 26. Bf2 Nh7 27. Re1 Nf8 28. Rxe8 Qxe8 29. Nfd3 Ng6 30. Re1 Qd8 31. Qd2 Bg5 32.
Be3 Bh4 33. Rc1 Bg3 34. Bf2 Bb8 35. g3 Qf6 36. Kg2 h5 37. h4 Re8 38. Re1 Rc8 39. Qg5 Qxg5 40. hxg5 Bd6 41. Ra1 Be7 42. Be3 h4 43. Ra7 Bd6 44. f4 hxg3 45. Kxg3 Ne7 46. Kf3 Nf5 47. Ne5 Be8 48. Bf2 f6 49. gxf6 gxf6 50.
Ned3 Bh5+ 51. Kg2 Kh8 52. Nd7 Rg8+ 53. Kf1 Be7 54. N7c5 Bf3 55. Rb7 Ra8 56. Rxb5 Ra2 57. Rb8+ Kg7 58. Rb7 Kg6 59. b5 Bd6 60. b6 Be2+ 61.
Kg2 Bxd3 62. Nxd3 Nxd4 63. Kf1 Nf5 64. Rd7 d4 65. b7 Ra1+ 66. Kg2 Rb1 67. Kf3 Bb8 68.
Ke4 Rb6 69. Bxd4 Rxb7 70. Rxb7 Nd6+ 71. Kd5 Nxb7 72. Be3 Nd8 73. Ke4 Nf7 74. f5+ Kh5 75.
Bf4 Ba7 76. Ne1 Kg4 77. Nc2 Bc5 78. Ne1 Bb4 79. Nd3 Bc5 80. Nxc5 Nd8 81. Ne6 Nc6 82. Nc5 Ne7 83. Nd7 Ng8 84. Be3 Kh5 85. Bd4 Ne7 86. Nxf6+ Kg5 87. Nd7 Nxf5 88. Be5 Nh4 89. Bf6+ Kg4 90.
Ne5+ Kh5 91. Kf4 Ng6+ 92. Nxg6 Kxg6 1/2-1/2

[Event "Early-Titled-Tuesday-Blitz-January-23-2024"]
[Site "Chess.com"]
[Date "2024.01.23"]
[Round "9"]
[White "supereagles1201"]
[Black "CarlosjPineror"]
[Result "1/2-1/2"]
[WhiteElo "2393"]
[BlackElo "2605"]
[TimeControl "180+1"]
[EndTime "9:48:28 PST"]
[Termination "Game drawn by 50-move rule"]

1. d4 Nf6 2. Bg5 c5 3. d5 Qb6 4. Nc3 d6 5. e4 g6 6. Rb1 Bg7 7. Nf3 Bg4 8. Be2 Nbd7 9. Nd2 Bxe2 10. Qxe2 O-O 11. Nc4 Qc7 12. a4 a6 13. a5 Rfe8 14. O-O b5 15. axb6 Nxb6 16. Qd3 Nfd7 17. Nxb6 Qxb6 18.
Nd1 Qb5 19. Qd2 Rab8 20. c3 Ne5 21. Ne3 Qd3 22. Qxd3 Nxd3 23. Nc4 Ne5 24. Nxe5 Bxe5 25. Rfc1 Rb3 26. Ra1 Kg7 27. Rxa6 h6 28. Be3 Rxb2 29.
Ra3 Reb8 30. g3 Rb1 31. Ra1 Rxa1 32. Rxa1 Bxc3 33. Ra7 Re8 34. Rc7 e6 35. dxe6 Rxe6 36. Bf4 Be5 37. Be3 Bc3 38. Bf4 g5 39. Be3 g4 40. Bf4 h5 41. Kg2 Be5 42. Be3 Bf6 43.
f3 gxf3+ 44. Kxf3 Be5 45. Bf4 Kf6 46. Rd7 c4 47. Rc7 c3 48. Bxe5+ Kxe5 49. Rxc3 Rf6+ 50. Ke3 Rf1 51. Ra3 Re1+ 52. Kf3 Rxe4 53. Ra7 f5 54. Rh7 d5 55. Rxh5 d4 56. Rh8 Re3+ 57.
Kf2 Kf6 58. Rd8 Rd3 59. h4 Kg6 60. Rd5 Rd2+ 61. Kf3 Rd3+ 62. Kf2 Kf6 63. h5 Kg5 64. h6 Rd2+ 65. Kf3 Rd3+ 66. Kf2 Kxh6 67. Rxf5 Kg6 68.
Rd5 Kf6 69. Ke2 Re3+ 70. Kd2 Rxg3 71. Rxd4 Ke5 72. Rd3 Rg2+ 73. Ke3 Ra2 74. Rc3 Kd5 75. Rd3+ Ke5 76. Rc3 Ra5 77. Rd3 Ra4 78. Rc3 Re4+ 79.
Kd3 Rd4+ 80. Kc2 Rd7 81. Kb3 Rb7+ 82. Kc2 Kd4 83. Rd3+ Ke4 84. Rc3 Rb6 85. Rb3 Rc6+ 86. Rc3 Ra6 87. Rb3 Rh6 88. Rc3 Kd4 89. Rd3+ Kc4 90.
Rc3+ Kb4 91. Rb3+ Kc4 92. Rc3+ Kd5 93. Rd3+ Ke4 94. Rc3 Rh2+ 95. Kb3 Rh8 96. Rc4+ Kd3 97. Rc3+ Kd4 98. Rc4+ Kd5 99. Rc3 Rh2 100. Rc2 Rh3+ 101. Rc3 Rh4 102. Rd3+ Kc5 103. Rc3+ Kb5 104. Re3 Rb4+ 105. Kc3 Rc4+ 106. Kd3 Ra4 107. Re4 Ra3+ 108. Kd4 Kc6 109. Ke5 Rf3 110. Rf4 Rg3 111. Re4 Rg1 112. Kf4 Kd5 113. Re5+ Kd4 114. Re4+ Kd3 115. Re3+ Kc4 116. Re4+ Kc5 117. Re5+ Kd6 118. Re4 Rf1+ 119. Ke3 Kc5 120. Re5+ Kc4 121. Re4+ 1/2-1/2

[Event "Early-Titled-Tuesday-Blitz-January-23-2024"]
[Site "Chess.com"]
[Date "2024.01.23"]
[Round "9"]
[White "bangchess21"]
[Black "BogdanDeac"]
[Result "1/2-1/2"]
[WhiteElo "2794"]
[BlackElo "3058"]
[TimeControl "180+1"]
[EndTime "9:48:33 PST"]
[Termination "Game drawn - insufficient material"]

1. d4 Nf6 2. Nc3 d5 3. Bf4 e6 4. Nb5 Bb4+ 5. c3 Ba5 6. a4 Bd7 7.
e3 a6 8. b4 axb5 9. axb5 Bxb4 10. Rxa8 Bxc3+ 11. Ke2 Bxb5+ 12. Kf3 Bxf1 13. Qxf1 O-O 14.
g3 Ne4 15. Qb5 g5 16. Ne2 gxf4 17. Nxf4 c5 18. dxc5 Qc7 19. Kg2 Nd7 20. Rxf8+ Kxf8 21. Rc1 Qc6 22. Qxc6 bxc6 23. f3 Ndxc5 24. fxe4 Nxe4 25.
Ne2 Bd2 26. Rxc6 Bxe3 27. Nf4 Bxf4 28. gxf4 Kg7 29. Kf3 Kg6 30. Rc7 Nd6 31. Rd7 Nf5 32. Kg4 Kf6 33. Kf3 Ne7 34. Kg4 Ng6 35. h4 Ne7 36. Rd8 Nf5 37. Rd7 Kg7 38. Rd8 Kg6 39.
Rg8+ Kf6 40. Rd8 Kg7 41. Kg5 h6+ 42. Kg4 Ne7 43. Rd7 Ng8 44. Rd8 Nf6+ 45. Kf3 Kg6 46. Rd6 Kf5 47. Rd8 Ne4 48. Rf8 Kf6 49. Rh8 Kg7 50. Rd8 Nf6 51. Rc8 Ng8 52. Rd8 Ne7 53.
Re8 Nf5 54. Kg4 Kg6 55. Rg8+ Kf6 56. Rd8 Ke7 57. Ra8 Kd7 58. Ra7+ Ke8 59. Ra8+ Ke7 60. Ra7+ Kf6 61. Ra8 Kg7 62. Rd8 Ne3+ 63. Kf3 Nc4 64. Kg4 Kf6 65. Rh8 Ne3+ 66. Kf3 Nf5 67. Rd8 Nxh4+ 68.
Kg4 Nf5 69. Rc8 Kg6 70. Rg8+ Kh7 71. Rd8 Kg7 72. Rc8 Nd6 73. Rd8 Ne4 74. Rc8 Nd6 75. Rd8 Nf5 76. Rc8 d4 77. Rd8 Kg6 78. Rg8+ Kf6 79. Rd8 Ke7 80. Ra8 Kd6 81. Kf3 Ke7 82.
Ke4 h5 83. Rh8 h4 84. Ra8 Kf6 85. Kf3 Kg6 86. Rd8 Kg7 87. Kg4 Kf6 88. Kf3 Ke7 89. Ra8 Kd6 90. Rc8 Kd5 91. Rc7 d3 92. Rd7+ Kc4 93. Ke4 h3 94. Rxd3 h2 95. Rh3 h1=Q+ 96. Rxh1 Ng3+ 97. Ke5 Nxh1 98. f5 Nf2 99. fxe6 Ng4+ 100. Kf5 Ne3+ 101. Kf6 Nd5+ 102. Kxf7 Kc5 103. e7 Nxe7 1/2-1/2

[Event "Early-Titled-Tuesday-Blitz-January-23-2024"]
[Site "Chess.com"]
[Date "2024.01.23"]
[Round "9"]
[White "Quattroporte300"]
[Black "MaxLeto"]
[Result "1-0"]
[WhiteElo "2445"]
[BlackElo "2302"]
[TimeControl "180+1"]
[EndTime "9:48:33 PST"]
[Termination "Quattroporte300 won by resignation"]

1. e4 c5 2. c3 Nf6 3. e5 Nd5 4. Nf3 Nc6 5. d4 cxd4 6. Bc4 e6 7. cxd4 d6 8. Qe2 Be7 9. O-O O-O 10. Nc3 Nxc3 11.
bxc3 dxe5 12. Nxe5 Nxe5 13. Qxe5 Bd7 14. Bf4 Rc8 15. Qe2 Qa5 16. Bd2 Bf6 17. Bd3 Bc6 18.
Be4 h6 19. Bxc6 Rxc6 20. Rfb1 b6 21. Rb5 Qa4 22. Rb4 Qc2 23. Qd1 Qd3 24. Be1 Qf5 25. Qb1 Qd5 26. Qb3 Qg5 27. Rb5 Qg6 28. Qb1 Qg4 29. f3 Qf4 30. Qe4 Qc7 31. a4 a6 32.
Rb3 Rc4 33. Rab1 Bd8 34. Rb4 a5 35. Rxc4 Qxc4 36. Qc2 Bc7 37. Qb3 Qd3 38. Qd1 Qe3+ 39. Kh1 Rc8 40. Bd2 Qd3 41. Kg1 Qf5 42. Rb2 Qh5 43. g3 Qd5 44. Kf2 Qc4 45. Qe2 Qc6 46. Rb5 Bd6 47. Be1 Bc7 48. Qe4 Qd7 49. Bd2 Bd8 50. Ke2 Qe7 51. Qd3 Qa3 52. h3 Qxa4 53. Rb1 Qa3 54. Qb5 Qd6 55. Qb3 Qc7 56. f4 Qc6 57.
Qb5 Qg2+ 58. Kd3 Qxg3+ 59. Kc2 Qxh3 60. Re1 Qf5+ 61. Qd3 Qd5 62. Qe4 Qa2+ 63. Kd3 Qc4+ 64. Ke3 b5 65. Kf3 b4 66. cxb4 axb4 67. Rg1 Bf6 68.
Be3 b3 69. f5 Qd5 70. fxe6 Qxe4+ 71. Kxe4 fxe6 72. Rb1 Rb8 73. Kd3 Kf7 74. Bc1 Ke7 75.
Ba3+ Kd7 76. Kc3 Kc6 77. Kc4 Rb7 78. Re1 Rd7 79. Rxe6+ Kc7 80. Re4 Kb8 81. Bb2 Rb7 82.
Re8+ Ka7 83. Re1 Ka6 84. Ra1+ Kb6 85. Kxb3 Kc6+ 86. Kc2 Kd5 87. Re1 Rc7+ 88. Kd3 Rb7 89. Bc3 Rb3 90. Rf1 Rb6 91. Rf5+ Ke6 92. Ra5 Rd6 93. Ke4 h5 94. Rxh5 Rd7 95. Rh1 Rc7 96. Kd3 Kd5 97. Rh5+ Kd6 98. Rh1 Rb7 99. Rf1 Rb3 100.
Kc4 Rb8 101. Kd3 Rc8 102. Bb4+ Kd5 103. Rf5+ Ke6 104. Rf1 Rd8 105. Bc3 Kd5 106. Rf5+ Ke6 107. Rf1 g5 108. Ke4 Rd5 109. Rxf6+ Kxf6 110. Kxd5 Ke7 111. Ke4 Kd6 112. Be1 g4 113. Bg3+ Kd7 114. d5 Ke7 115. Kf5 Kd7 116. Kxg4 1-0

[Event "Early-Titled-Tuesday-Blitz-January-23-2024"]
[Site "Chess.com"]
[Date "2024.01.23"]
[Round "9"]
[White "mortngabriel"]
[Black "Martial2008"]
[Result "0-1"]
[WhiteElo "2526"]
[BlackElo "2667"]
[TimeControl "180+1"]
[EndTime "9:48:48 PST"]
[Termination "Martial2008 won on time"]

1. e4 e5 2. Nc3 Nc6 3. Bc4 Nf6 4. d3 Bb4 5. Ne2 d5 6. exd5 Nxd5 7. O-O Be6 8. Bxd5 Bxd5 9. f4 f6 10. fxe5 Nxe5 11. Nxd5 Qxd5 12. d4 O-O-O 13. c3 Bd6 14. Qa4 Nc6 15. Nf4 Bxf4 16. Bxf4 Rhe8 17. Rae1 Re4 18.
Qb3 Qxb3 19. axb3 Rde8 20. Rxe4 Rxe4 21. Bg3 Na5 22. b4 Nc4 23. Ra1 a6 24. b3 Nd2 25.
Kf2 Nxb3 26. Rd1 b6 27. h4 h5 28. Kf3 Re7 29. Bf4 a5 30. bxa5 bxa5 31. Bc1 a4 32. Ba3 Re6 33. d5 Re5 34. c4 Kd7 35. c5 c6 36. dxc6+ Kxc6 37. Rd6+ Kc7 38. Ra6 Nxc5 39. Bxc5 Rxc5 40. Rxa4 Kd6 41. g3 Ke6 42. Kf4 Kf7 43. Rb4 Kg6 44. Kf3 Rf5+ 45. Kg2 Re5 46. Ra4 Kf5 47. Kf3 Rd5 48. Rb4 Ke5 49. Rb7 Rd3+ 50. Kf2 g6 51. Rb5+ Rd5 52. Rb4 Rd4 53. Rb6 Kf5 54.
Ke3 Ra4 55. Kf3 Ra3+ 56. Kg2 Re3 57. Rb5+ Re5 58. Rb4 Ke6 59. Ra4 Rf5 60. Rb4 Kd5 61. Ra4 Ke5 62. Ra5+ Ke4 63. Ra4+ Kd5 64. Ra5+ Ke6 65.
Ra6+ Kf7 66. Ra7+ Kg8 67. Rb7 Kf8 68. Rc7 Re5 69. Rb7 Re7 70. Rb6 Kf7 71. Ra6 Rd7 72.
Rb6 Ke7 73. Ra6 Rd6 74. Ra7+ Ke6 75. Ra5 Rd5 76. Ra6+ Kf5 77. Ra4 Ke5 78. Rb4 Rd4 79. Rb5+ Ke4 80. Rb6 Rd2+ 81. Kh3 Kf5 82. Rb5+ Ke6 83.
Rb6+ Kf7 84. Rb7+ Ke8 85. Ra7 Kf8 86. Rb7 Re2 87. Ra7 Re7 88. Ra6 Kg7 89. Rb6 Re2 90. Rb5 Rf2 91. Rc5 Kh6 92. Rb5 Re2 93. Rc5 g5 94.
hxg5+ fxg5 95. Rc6+ Kg7 96. Rb6 Kf7 97. Ra6 Re6 98. Ra5 Kf6 99. Rb5 Re5 100. Rb6+ Kf5 101. Rb8 Ke4 102. Rh8 Kf3 103. Rf8+ Ke4 104. Rh8 g4+ 105. Kh4 Kf3 106. Rf8+ Kg2 107. Rb8 Re2 108. Rb3 Re5 109. Rc3 Rf5 110. Rb3 Rf3 111. Rb2+ Rf2 112. Rb3 Rf5 113. Rc3 Rf3 114. Rc2+ Rf2 115. Rc3 Kh2 116. Rb3 Rg2 117.
Kxh5 Rxg3 118. Rb2+ Kh3 0-1

[Event "Early-Titled-Tuesday-Blitz-January-23-2024"]
[Site "Chess.com"]
[Date "2024.01.23"]
[Round "10"]
[White "ExchangeAB"]
[Black "Slovineanu"]
[Result "0-1"]
[WhiteElo "2414"]
[BlackElo "2423"]
[TimeControl "180+1"]
[EndTime "9:51:11 PST"]
[Termination "Slovineanu won by resignation"]

1. d4 Nf6 2. Nf3 e6 3. c3 d5 4. Bf4 c5 5. e3 Bd6 6. dxc5 Bxf4 7. e4 Nxe4 8. b4 O-O 9. g3 Bh6 10. Be2 a5 11. a3 Qf6 0-1

[Event "Early-Titled-Tuesday-Blitz-January-23-2024"]
[Site "Chess.com"]
[Date "2024.01.23"]
[Round "10"]
[White "Chernobay_Artem"]
[Black "m_ezat"]
[Result "1-0"]
[WhiteElo "2616"]
[BlackElo "2463"]
[TimeControl "180+1"]
[EndTime "9:51:48 PST"]
[Termination "Chernobay_Artem won by resignation"]

1. d4 Nf6 2. c4 g6 3. Nc3 Bg7 4. e4 O-O 5. Nf3 d6 6. Be2 e5 7.
O-O Nc6 8. d5 Ne7 9. Ne1 Nd7 10.
Be3 f5 11. f3 f4 12. Bf2 g5 13. Rc1 Rf6 14. c5 Nxc5 15. b4 Na6 16. Nb5 Bd7 17. Nxa7 Nxb4 18. Qb3 c5 19. dxc6+ Be6 20. Qxb4 bxc6 21.
Nxc6 Nxc6 22. Rxc6 Rxa2 23. Bc4 Qa8 24. Bxe6+ Rxe6 25. Qc4 Kh8 26. Rc8+ 1-0

[Event "Early-Titled-Tuesday-Blitz-January-23-2024"]
[Site "Chess.com"]
[Date "2024.01.23"]
[Round "10"]
[White "HanSchut"]
[Black "LeoWin2012"]
[Result "0-1"]
[WhiteElo "2260"]
[BlackElo "2216"]
[TimeControl "180+1"]
[EndTime "9:51:49 PST"]
[Termination "LeoWin2012 won by resignation"]

1. e4 e6 2. d4 d5 3. e5 c5 4. c3 Nc6 5. Nf3 Qb6 6. Bd3 cxd4 7. O-O dxc3 8. Nxc3 Nge7 9. a3 Ng6 10. h4 Qc7 11.
Re1 Bc5 12. h5 Ngxe5 13. Nxe5 Nxe5 14. Bf4 Bxf2+ 15. Kh1 Bxe1 16. Qxe1 Nxd3 17. Qg3 Qxf4 0-1

[Event "Early-Titled-Tuesday-Blitz-January-23-2024"]
[Site "Chess.com"]
[Date "2024.01.23"]
[Round "10"]
[White "Logman74"]
[Black "NovakRatko"]
[Result "1-0"]
[WhiteElo "2474"]
[BlackElo "2340"]
[TimeControl "180+1"]
[EndTime "9:51:50 PST"]
[Termination "Logman74 won by checkmate"]

1. e4 d5 2. exd5 c6 3. dxc6 Nxc6 4. Bc4 e5 5. d3 Bc5 6. Nf3 Nf6 7. Nc3 Bg4 8. h3 Bh5 9. Bg5 Bb4 10. Bd2 Nd4 11. g4 Nxf3+ 12. Qxf3 Bg6 13. Qxb7 Rb8 14. Qc6+ Nd7 15. h4 h6 16. O-O-O O-O 17. Qxg6 Qa5 18. Bxh6 Bxc3 19. Qxg7# 1-0

[Event "Early-Titled-Tuesday-Blitz-January-23-2024"]
[Site "Chess.com"]
[Date "2024.01.23"]
[Round "10"]
[White "sergeikim"]
[Black "AljoschaFeuerstack"]
[Result "0-1"]
[WhiteElo "2517"]
[BlackElo "2633"]
[TimeControl "180+1"]
[EndTime "9:51:54 PST"]
[Termination "AljoschaFeuerstack won by resignation"]

1. d4 d5 2. c4 c6 3. Nf3 Nf6 4. Qc2 g6 5. e3 Bg7 6. Bd3 O-O 7.
Nbd2 c5 8. O-O cxd4 9. exd4 Nc6 10. a3 dxc4 11. Nxc4 Nxd4 12. Nxd4 Qxd4 13. Be3 Qh4 14. Bc5 Be6 15. Bxe7 Rfc8 16. Qe2 Bxc4 17. Bxc4 Qxc4 0-1

[Event "Early-Titled-Tuesday-Blitz-January-23-2024"]
[Site "Chess.com"]
[Date "2024.01.23"]
[Round "10"]
[White "Gabrielian_Artur"]
[Black "Practical-Play"]
[Result "1-0"]
[WhiteElo "2761"]
[BlackElo "2514"]
[TimeControl "180+1"]
[EndTime "9:51:56 PST"]
[Termination "Gabrielian_Artur won by resignation"]

1. d4 Nf6 2. Bg5 Ne4 3. h4 d5 4. e3 c5 5. Nd2 Nc6 6. c3 f6 7.
Bf4 e5 8. dxe5 fxe5 9. Nxe4 exf4 10. Qh5+ Ke7 11. O-O-O Qa5 12. Qxd5 1-0

[Event "Early-Titled-Tuesday-Blitz-January-23-2024"]
[Site "Chess.com"]
[Date "2024.01.23"]
[Round "10"]
[White "vasblesk"]
[Black "soloderisas"]
[Result "1-0"]
[WhiteElo "2783"]
[BlackElo "2509"]
[TimeControl "180+1"]
[EndTime "9:52:06 PST"]
[Termination "vasblesk won by resignation"]

1. d4 d5 2. c4 e6 3. Nf3 Nf6 4. g3 dxc4 5. Bg2 a6 6. Ne5 Nbd7 7. Nxc4 Be7 8. O-O O-O 9. Nc3 c5 10. dxc5 Nxc5 11. Qxd8 Rxd8 12. Nb6 Rb8 13. Bf4 Bd6 14.
Rfd1 Ne8 15. b4 Nd7 16. Bxd6 1-0

[Event "Early-Titled-Tuesday-Blitz-January-23-2024"]
[Site "Chess.com"]
[Date "2024.01.23"]
[Round "10"]
[White "Chesstiger64"]
[Black "PattyCastillo"]
[Result "1-0"]
[WhiteElo "2217"]
[BlackElo "1964"]
[TimeControl "180+1"]
[EndTime "9:52:27 PST"]
[Termination "Chesstiger64 won by resignation"]

1. d4 d5 2. Nf3 Nf6 3. e3 c5 4. c3 Nc6 5. Nbd2 e6 6. Bd3 Bd6 7. O-O O-O 8. dxc5 Bxc5 9. e4 dxe4 10.
Nxe4 Nxe4 11. Bxe4 Qxd1 12. Rxd1 g6 13. Bh6 Re8 14.
b4 Bf8 15. Bxf8 Kxf8 16. a3 a6 17. c4 Ke7 18. Bxc6 bxc6 19. c5 a5 20. Ne5 Bb7 21. Rd7+ Kf6 22. Re1 Re7 23. Ng4+ 1-0

[Event "Early-Titled-Tuesday-Blitz-January-23-2024"]
[Site "Chess.com"]
[Date "2024.01.23"]
[Round "10"]
[White "inneremptiness"]
[Black "VinzentSpitzl"]
[Result "1-0"]
[WhiteElo "2847"]
[BlackElo "2527"]
[TimeControl "180+1"]
[EndTime "9:52:29 PST"]
[Termination "inneremptiness won by resignation"]

1. e4 d5 2. exd5 Qxd5 3. Nc3 Qd8 4. d4 Nf6 5. g3 c6 6. Bg2 Bf5 7. Nge2 e6 8. O-O Nbd7 9. Bf4 Nd5 10. Nxd5 exd5 11.
c4 Nf6 12. Nc3 dxc4 13. d5 cxd5 14. Nxd5 Bc5 15. Nc7+ Kf8 16. Nxa8 Qxa8 17. Bd6+ Bxd6 18. Qxd6+ Kg8 19. Rad1 h6 20. Qe7 Kh7 21. Qxf7 Rf8 22. Qxc4 Qb8 23. Rfe1 b6 24. Re7 Bg6 25. Qc7 Qxc7 26.
Rxc7 Ng4 27. Rdd7 1-0

[Event "Early-Titled-Tuesday-Blitz-January-23-2024"]
[Site "Chess.com"]
[Date "2024.01.23"]
[Round "10"]
[White "ClaudiaSof"]
[Black "NtcPou"]
[Result "1-0"]
[WhiteElo "2259"]
[BlackElo "2007"]
[TimeControl "180+1"]
[EndTime "9:52:45 PST"]
[Termination "ClaudiaSof won by resignation"]

1. d4 d5 2. Bf4 c6 3. e3 Qb6 4. b3 Bf5 5. c3 e6 6. Bd3 Bxd3 7.
Qxd3 Nf6 8. Nd2 Qa6 9. Ke2 Qxd3+ 10. Kxd3 c5 11. Ngf3 Nc6 12. h3 h6 13. Ne5 Nxe5+ 14.
Bxe5 Kd7 15. Rac1 Bd6 16. f4 Ne8 17. Bxd6 Kxd6 18. dxc5+ Kxc5 19. c4 Kd6 20. cxd5 exd5 21.
Nf3 f6 22. Nd4 Nc7 23. g4 a6 24. Nf5+ Kd7 25. Nxg7 Rhg8 26. Nh5 f5 27. Nf6+ Kd6 28. Nxg8 Rxg8 29. Rhg1 fxg4 30. Rxg4 Re8 31. Rg6+ Ne6 32. f5 1-0

[Event "Early-Titled-Tuesday-Blitz-January-23-2024"]
[Site "Chess.com"]
[Date "2024.01.23"]
[Round "10"]
[White "Jenia84"]
[Black "OneTrickPony_82"]
[Result "0-1"]
[WhiteElo "2308"]
[BlackElo "2494"]
[TimeControl "180+1"]
[EndTime "9:52:48 PST"]
[Termination "OneTrickPony_82 won by resignation"]

1. e4 e5 2. Nf3 Nc6 3. Bc4 Nf6 4. d3 Bc5 5. O-O d6 6. h3 h6 7. c3 Bb6 8. a4 a5 9. Nbd2 g5 10. Nh2 g4 11. hxg4 Rg8 12. Qf3 Qe7 13. Bb5 Nxg4 14. Nxg4 Bxg4 15. Qg3 O-O-O 16. Nf3 Qf6 17. Bxc6 Bxf3 18.
Qh3+ Bg4 19. Bxb7+ Kxb7 20. Qxh6 Qxh6 21. Bxh6 Bf3 0-1

[Event "Early-Titled-Tuesday-Blitz-January-23-2024"]
[Site "Chess.com"]
[Date "2024.01.23"]
[Round "10"]
[White "Lady_Nika"]
[Black "Smile2005"]
[Result "1-0"]
[WhiteElo "2553"]
[BlackElo "2397"]
[TimeControl "180+1"]
[EndTime "9:52:56 PST"]
[Termination "Lady_Nika won by checkmate"]

1. d4 Nf6 2. e3 g6 3. f4 Bg7 4.
Nf3 d5 5. c3 c5 6. Bd3 cxd4 7.
exd4 Nc6 8. O-O O-O 9. Ne5 Ne4 10. Nd2 Nxd2 11. Bxd2 f6 12. Nxc6 bxc6 13. f5 g5 14. h4 h6 15. Qe2 Qd6 16. hxg5 fxg5 17. Rae1 e6 18. fxe6 Rxf1+ 19. Kxf1 Qh2 20. e7 Qh1+ 21. Kf2 Qh4+ 22. Kg1 Bd7 23. Rf1 Bg4 24. e8=Q+ Rxe8 25. Qxe8+ Bf8 26. Qxf8# 1-0

[Event "Early-Titled-Tuesday-Blitz-January-23-2024"]
[Site "Chess.com"]
[Date "2024.01.23"]
[Round "10"]
[White "jcmesafischer"]
[Black "FMVolodymyrSakun"]
[Result "0-1"]
[WhiteElo "2326"]
[BlackElo "2517"]
[TimeControl "180+1"]
[EndTime "9:53:34 PST"]
[Termination "FMVolodymyrSakun won by resignation"]

1. e4 d6 2. d4 Nf6 3. Nc3 g6 4. f4 Bg7 5. Bd3 O-O 6. Nf3 Na6 7. O-O c5 8. d5 Nc7 9. a4 b6 10. Bc4 Ng4 11. h3 Nh6 12. g4 f5 13. g5 Nf7 14. e5 dxe5 15. fxe5 Nxe5 16. Nxe5 Bxe5 17. d6+ Ne6 18. Qd5 Qxd6 19. Qxa8 Qd4+ 20. Kh1 Qxc4 21. Be3 Qh4 22. Qf3 Bb7 23. Nd5 Bxd5 0-1

[Event "Early-Titled-Tuesday-Blitz-January-23-2024"]
[Site "Chess.com"]
[Date "2024.01.23"]
[Round "10"]
[White "FoxOnTheRun97"]
[Black "Egorov_Pavel"]
[Result "1-0"]
[WhiteElo "2615"]
[BlackElo "2493"]
[TimeControl "180+1"]
[EndTime "9:53:36 PST"]
[Termination "FoxOnTheRun97 won by resignation"]

1. d4 Nf6 2. Bg5 g6 3. Bxf6 exf6 4. e3 Bg7 5. g3 O-O 6. Bg2 d5 7. Ne2 c6 8. O-O f5 9. c4 dxc4 10. Na3 Be6 11. Nf4 Bd5 12. Nxd5 cxd5 13. Qf3 Qb6 14.
Qxd5 Nc6 15. Nxc4 Qa6 16. b3 Rad8 17. Qc5 Nb8 18. a4 Nd7 19. Qb5 Nb6 20. Na5 Qxb5 21. axb5 Nd5 22. Nxb7 Nc3 23. Nxd8 Rxd8 24. Rxa7 Nxb5 25.
Ra8 1-0

[Event "Early-Titled-Tuesday-Blitz-January-23-2024"]
[Site "Chess.com"]
[Date "2024.01.23"]
[Round "10"]
[White "Pliukha_Mikhail"]
[Black "GatoRojo150"]
[Result "1-0"]
[WhiteElo "2752"]
[BlackElo "2611"]
[TimeControl "180+1"]
[EndTime "9:53:50 PST"]
[Termination "Pliukha_Mikhail won by resignation"]

1. e4 e5 2. Nf3 Nc6 3. d4 exd4 4.
Bc4 Nf6 5. O-O Nxe4 6. Re1 d5 7. Nc3 dxc3 8. Bxd5 f5 9. Ng5 Bd6 10. Nxe4 fxe4 11. Rxe4+ Ne7 12. Qf3 Bxh2+ 13. Kxh2 Qxd5 14. Rxe7+ Kxe7 15. Qxd5 1-0

[Event "Early-Titled-Tuesday-Blitz-January-23-2024"]
[Site "Chess.com"]
[Date "2024.01.23"]
[Round "10"]
[White "Happy1712Drummer"]
[Black "GeorgiosSouleidis"]
[Result "0-1"]
[WhiteElo "2438"]
[BlackElo "2631"]
[TimeControl "180+1"]
[EndTime "9:53:50 PST"]
[Termination "GeorgiosSouleidis won by resignation"]

1. e4 c5 2. Nf3 e6 3. c3 d5 4. e5 d4 5. Bd3 Bd7 6. O-O Bc6 7. Na3 Ne7 8. Re1 Ng6 9. Be4 Be7 10.
d3 O-O 11. Nc2 dxc3 12. bxc3 Bxe4 13. Rxe4 Nc6 14. Qe2 Qa5 15. Bd2 Rfd8 16. Ne3 Qa6 17. Nc4 b5 18. Nb2 Qa3 19. Nd1 b4 20. cxb4 Nxb4 21. Bxb4 cxb4 22. d4 Rac8 23. Re3 Qa4 24. Nb2 Qc6 25. Rd1 Nf4 26. Qd3 Nxd3 0-1

[Event "Early-Titled-Tuesday-Blitz-January-23-2024"]
[Site "Chess.com"]
[Date "2024.01.23"]
[Round "10"]
[White "Balla_Tamas"]
[Black "kai_nov"]
[Result "1-0"]
[WhiteElo "2456"]
[BlackElo "2292"]
[TimeControl "180+1"]
[EndTime "9:54:00 PST"]
[Termination "Balla_Tamas won by resignation"]

1. e4 c5 2. c3 d5 3. exd5 Qxd5 4. d4 Nc6 5. Nf3 Bg4 6. Be2 e6 7. Be3 cxd4 8. cxd4 Bb4+ 9. Nc3 Bxc3+ 10. bxc3 Nf6 11. h3 Bh5 12. O-O O-O 13. c4 Qd7 14. Qd3 Bxf3 15. Bxf3 Ne5 16. Qe2 Nxf3+ 17. Qxf3 Rac8 18. Rac1 b6 19. Rfd1 Qc6 20. d5 exd5 21. cxd5 Qa4 22. Rxc8 Rxc8 23.
Bd4 Nd7 24. Qg4 f6 25. Re1 Rf8 26. Re7 Rf7 27. Qe6 Qd1+ 28. Kh2 Qh5 29. Rxd7 1-0

[Event "Early-Titled-Tuesday-Blitz-January-23-2024"]
[Site "Chess.com"]
[Date "2024.01.23"]
[Round "10"]
[White "Janosik"]
[Black "Natalya_Buksa"]
[Result "1-0"]
[WhiteElo "2856"]
[BlackElo "2607"]
[TimeControl "180+1"]
[EndTime "9:54:01 PST"]
[Termination "Janosik won by resignation"]

1. d4 d5 2. c4 e6 3. Nc3 Nf6 4. cxd5 exd5 5. Bg5 c6 6. e3 Nbd7 7. Bd3 Be7 8. Qc2 Nh5 9. Bxe7 Qxe7 10. Nf3 g6 11. h3 Nb6 12. O-O-O Be6 13. Kb1 O-O-O 14.
Rc1 Ng7 15. Ka1 Bf5 16. Rhd1 Kb8 17. Na4 Nxa4 18. Qxa4 Bxd3 19. Rxd3 f6 20. Ra3 a6 21.
Rb3 Ka7 22. Ne1 Ne6 23. Nd3 Rc8 24. Qa5 Qc7 25. Qb4 Rhd8 26. h4 h5 27. g3 Rd7 28.
Rbc3 Qd6 29. Qa5 Qc7 30. Qa4 Qd6 31. b4 b5 32. Qc2 Rdc7 33. a4 Kb7 34. Ra3 Ra8 35.
Kb2 Rcc8 36. Rca1 Qe7 37. Rc3 Qd6 38. Qe2 Qe7 39. Qf3 Rab8 40. Rca3 Ra8 41. g4 hxg4 42.
Qxg4 Qf7 43. Qxe6 Qxe6 44. Nc5+ Kb6 45. Nxe6 Rh8 46. axb5 cxb5 47. Nc5 Rxh4 48. Rxa6+ Rxa6 49. Rxa6+ Kc7 50. Rxf6 g5 51. Kc3 1-0